 Dungeon Crawl Stone Soup version 0.31.0-9-g3a7656b989 (webtiles) character file.

Game seed: 91389219363402154

71 qw the Shooter (level 4, -1/25 HPs)
             Began as a Deep Elf Hunter on Feb 2, 2024.
             Slain by an orc
             ... wielding a +0 club
              (2 damage)
             ... on level 4 of the Dungeon.
             The game lasted 00:00:08 (1663 turns).

qw the Shooter (Deep Elf Hunter)                    Turns: 1663, Time: 00:00:09

Health: -1/25      AC: 10    Str:  8 (10) XL:     4   Next: 5%
Magic:  6/6        EV: 10    Int: 12 (14) God:
Gold:   41         SH:  0    Dex: 13 (15) Spells: 3/3 levels left

rFire   . . .        a - +0 shortbow
rCold   . . .        (shield currently unavailable)
rNeg    + . .        o - +3 ring mail of Pride {rN+ rCorr Dex-3 Stlth+}
rPois   +            f - +1 helmet
rElec   .            (no cloak)
rCorr   +            (no gloves)
SInv    .            (no boots)
Will    .....        (no amulet)
Stlth   ++           l - ring of poison resistance
HPRegen 0.24/turn    (no ring)
MPRegen 0.10/turn

%: no passive effects
@: no status effects
A: no striking features
a: no special abilities


You were on level 4 of the Dungeon.
You visited 1 branch of the dungeon, and saw 4 of its levels.

You collected 138 gold pieces.
You spent 97 gold pieces at shops.


   Skills:
 - Level 1.5 Fighting
 + Level 7.5 Ranged Weapons
 - Level 2.4 Dodging
 - Level 1.2 Stealth


You had 3 spell levels left.
You didn't know any spells.
Your spell library was empty.

Inventory:

Hand Weapons
 a - a +0 shortbow (weapon)
Armour
 c - a +0 ring mail
 f - a +1 helmet (worn)
 o - the +3 ring mail of Pride (worn) {rN+ rCorr Dex-3 Stlth+}
   (You found it on level 2 of the Dungeon)

   Dex-3:     It affects your dexterity (-3).
   rN+:       It protects you from negative energy.
   rCorr:     It protects you from acid and corrosion.
   Stlth+:    It makes you more stealthy.
Jewellery
 l - a ring of poison resistance (left hand)
Potions
 d - 3 potions of curing
 e - a potion of brilliance {unknown}
 g - a potion of mutation {unknown}
 h - a potion of haste {unknown}
 i - a potion of heal wounds {unknown}
 k - a potion of enlightenment {unknown}
 m - 2 potions of ambrosia {unknown}

Dungeon Overview and Level Annotations

Branches:
Dungeon (4/15)
 Temple: D:4-7

Altars:

Shops:
D:2 ?   D:4 !


Message History

The scorpion stings you but does no damage.
You shoot an arrow. The orc wizard shouts!
The arrow hits the scorpion.
The scorpion is severely wounded.
The scorpion stings you but does no damage.
The orc hits you with a +0 hand axe.
You shoot an arrow. The arrow hits the scorpion.
The scorpion is almost dead.
The scorpion stings you.
The orc wizard mumbles some strange words.
The orc wizard flickers and vanishes!
Deactivating autopickup; reactivate with Ctrl-A.
The scorpion stings you but does no damage.
You shoot an arrow. The arrow barely misses the scorpion.
The scorpion closely misses you.
You shoot an arrow. The arrow hits the scorpion.
The scorpion is almost dead.
The orc closely misses you. The scorpion stings you.
The orc hits you but does no damage.
You shoot an arrow. The arrow barely misses the scorpion.
The scorpion barely misses you. The scorpion closely misses you.
The orc closely misses you.
You shoot an arrow.
The arrow hits the scorpion but does no damage.
The scorpion is almost dead.
The scorpion stings you but does no damage.
The orc hits you with a +0 club.
You shoot an arrow. The arrow closely misses the scorpion.
The scorpion stings you but does no damage.
The orc barely misses you. The scorpion barely misses you.
You shoot an arrow.
The arrow hits the scorpion but does no damage.
The scorpion is almost dead.
The orc hits you with a +0 club.
The scorpion stings you but does no damage.
The orc closely misses you. The scorpion misses you.
You shoot an arrow. The arrow closely misses the scorpion.
The scorpion stings you. The orc hits you with a +0 club.
You die...

#. ####.##.####
#.......#
#.......########
#.##.###........
..#.#.#
#.####### #.#
##.# #o# #. #.#
#{# # #.# #o#
#.# #@## #.#
#s.# #.# ##.# .#
.# .# .. .. .\


You could see a scorpion and 2 orcs.

Vanquished Creatures
  A gnoll (D:1)
  3 adders
  2 dart slugs
  An orc (D:3)
  4 bats
  3 endoplasms
  2 giant cockroaches (D:1)
  2 goblins
  3 hobgoblins
  4 kobolds
  A quokka (D:1)
  5 rats
31 creatures vanquished.

Notes
Turn   | Place    | Note
-------+----------+-------------------------------------------
     0 | D:1      | qw the Deep Elf Hunter began the quest for the Orb.
     0 | D:1      | Reached XP level 1. HP: 12/12 MP: 3/3
     0 | D:1      | 0 ||| qw: Version: 0.3-a-155-g5e7d8dd
     0 | D:1      | 0 ||| qw: Game counter: 2125
     0 | D:1      | 0 ||| qw: Melee chars always use a shield: true
     0 | D:1      | 0 ||| qw: God list: Okawaru
     0 | D:1      | 0 ||| qw: Allow faded altars: false
     0 | D:1      | 0 ||| qw: Do Orc after clearing Dungeon:15 true
     0 | D:1      | 0 ||| qw: Do second Lair branch before Depths: true
     0 | D:1      | 0 ||| qw: Lair rune preference: random
     0 | D:1      | 0 ||| qw: Goals: Normal
     0 | D:1      | 0 ||| PLANNING D:1-11
   112 | D:1      | Reached skill level 6 in Ranged Weapons
   112 | D:1      | Reached XP level 2. HP: 16/16 MP: 4/4
   614 | D:1      | 614 ||| UPGRADING to +0 helmet.
   619 | D:1      | 619 ||| UPGRADING to ring of poison resistance.
   620 | D:1      | 620 ||| READING scroll labelled VIPLEDDAUKE.
   624 | D:1      | 624 ||| READING scroll labelled SENIACE FERINT.
   624 | D:1      | 624 ||| IDENTIFYING fuming blue potion
   625 | D:1      | 625 ||| READING scroll labelled ENWICE NATACOSCH.
   626 | D:1      | 626 ||| DRINKING 2 cyan potions.
   627 | D:1      | 627 ||| DROPPING scroll of butterflies.
   628 | D:1      | 628 ||| DROPPING potion of magic.
   683 | D:2      | Reached XP level 3. HP: 20/20 MP: 5/5
   785 | D:2      | Reached skill level 7 in Ranged Weapons
   787 | D:2      | Found Toinik's Magic Scroll Boutique.
   796 | D:2      | Identified the +3 ring mail of Pride {rN+ rCorr Dex-3
                  | Stlth+}
   807 | D:2      | 807 ||| BUYING scroll of enchant armour (97 gold).
   807 | D:2      | Bought a scroll of enchant armour for 97 gold pieces
   807 | D:2      | 807 ||| SHOPLISTING scroll of identify (26 gold, have 7).
   807 | D:2      | 807 ||| SHOPLISTING scroll of teleportation (39 gold, have
                  | 7).
   807 | D:2      | 807 ||| READING scroll of enchant armour.
   807 | D:2      | 807 ||| ENCHANTING +0 helmet.
   984 | D:2      | 984 ||| UPGRADING to +3 ring mail of Pride {rN+ rCorr Dex-3
                  | Stlth+}.
   994 | D:2      | 994 ||| DROPPING +0 leather armour.
   995 | D:2      | 995 ||| READING 2 scrolls labelled ITHIMEPL HAITI.
   996 | D:2      | 996 ||| READING scroll labelled BIXTITY XOYTO.
   997 | D:2      | 997 ||| DRINKING 3 viscous puce potions.
   998 | D:2      | 998 ||| DROPPING scroll of immolation.
   999 | D:2      | 999 ||| DROPPING 2 potions of degeneration.
  1270 | D:3      | Reached XP level 4. HP: 25/25 MP: 6/6
  1516 | D:3      | Found a faded altar of an unknown god.
  1545 | D:3      | 1545 ||| READING scroll labelled CADYEDDITT.
  1546 | D:3      | 1546 ||| DRINKING 2 clear potions.
  1547 | D:3      | 1547 ||| DROPPING potion of attraction.
  1642 | D:4      | Found Ufforghe's Distillery.
  1642 | D:4      | Noticed a scorpion
  1652 | D:4      | 1652 ||| RETREEEEATING.
  1658 | D:4      | HP: 6/25 [scorpion (4)]
  1662 | D:4      | HP: 1/25 [orc/+0 club (5)]
  1663 | D:4      | Slain by an orc

Levels and vault maps discovered:
D:1:      saegor_arrival_simple_a, layout_basic, serial_forest,
          infiniplex_forest_lined_2, infiniplex_forest_end_3,
          infiniplex_forest_lined_4_way, infiniplex_forest_lined_2,
          infiniplex_forest_clump_C, infiniplex_forest_straight_3,
          infiniplex_forest_straight_4, infiniplex_forest_straight_4,
          nrook_uturn, minmay_tetromino_s4
D:2:      layout_rooms, serial_shops, nicolae_shop_gibbet_a_chance
D:3:      layout_basic, dilly_ecumenical_altar_fadedgnrine
D:4:      layout_loops_ring, mainiacjoe_overflow_big_doors, serial_shops, shop,
          serial_bayou_lake_a

Skill      XL: |  1  2  3 |
---------------+----------+-----
Ranged Weapons | 6 7 |  7.5
Fighting       | |  1.5
Dodging        | |  2.4
Stealth        | |  1.2

Action                     |  1- 3 |  4- 6 || total
---------------------------+-------+-------++-------
   Fire: Shortbow          |    89 |    38 ||   127
    Use: Scroll            |     6 |     1 ||     7
         Potion            |     2 |     1 ||     3
 Armour: Leather armour    |    11 |       ||    11
         Ring mail         |     4 |    28 ||    32
  Dodge: Dodged            |    20 |    14 ||    34

Table legend:
 A = Non-vault XP
 B = Vault XP
 C = Vault XP percentage of total XP
 D = Non-vault monster count
 E = Vault monster count
 F = Vault count percentage of total count
                 A         B        C        D         E       F
            +---------+---------+-------+---------+---------+-------
      Total |      99 |       3 |   2.9 |      29 |       2 |   6.5
            +---------+---------+-------+---------+---------+-------
        D:1 |      34 |       3 |   8.1 |      11 |       2 |  15.4
        D:2 |      30 |       0 |   0.0 |       5 |       0 |   0.0
        D:3 |      33 |       0 |   0.0 |      11 |       0 |   0.0
        D:4 |       2 |       0 |   0.0 |       2 |       0 |   0.0
            +---------+---------+-------+---------+---------+-------
